 Dungeon Crawl Stone Soup version 0.18-a0-952-g309898a (webtiles) character file.

123048 Grimpse the Executioner (level 16, -7/132 HPs)
             Began as a Minotaur Berserker on Dec 31, 2015.
             Was the Champion of Trog.
             Shot with a bolt by a naga sharpshooter (24 damage)
             ... on level 2 of the Snake Pit.
             The game lasted 02:23:53 (30145 turns).

Grimpse the Executioner (Minotaur Berserker)       Turns: 30145, Time: 02:23:54

Health: -7/132     AC: 23    Str: 31    XL:     16   Next: 36%
Magic:  15/15      EV: 10    Int:  4    God:    Trog [******]
Gold:   2177       SH:  0    Dex: 16    Spells: 0 memorised, 15 levels left

rFire  + . .     SeeInvis .     J - +6 battleaxe (chop)
rCold  . . .     Gourm    .     t - +1 plate armour of Tarig {rF+ MR+ Str+4}
rNeg   . . .     Faith    +     (shield currently unavailable)
rPois  +         Spirit   .     (helmet restricted)
rElec  .         Dismiss  .     s - +1 cloak {+Inv}
rCorr  .         Reflect  .     x - +1 pair of gloves
SustAt .         Harm     .     (no boots)
MR     ++...                    K - amulet of faith
Stlth  ..........               r - ring of poison resistance
                                N - +4 ring of dexterity

@: studying Maces & Flails, very resistant to hostile enchantments, extremely
unstealthy
A: retaliatory headbutt, horns 2
a: Berserk, Trog's Hand, Brothers in Arms, Burn Spellbooks, Renounce Religion,
Evoke Invisibility


You were on level 2 of the Snake Pit.
You worshipped Trog.
Trog was exalted by your worship.
You were not hungry.

You visited 4 branches of the dungeon, and saw 26 of its levels.
You also visited: Bailey.

You collected 2177 gold pieces.

Inventory:

Hand Weapons
 D - a +5 executioner's axe of freezing
 J - a +6 battleaxe of chopping (weapon)
 L - a +6 antimagic broad axe
Armour
 s - a +1 cloak of invisibility (worn)
 t - the +1 plate armour of Tarig (worn) {rF+ MR+ Str+4}
   (You found it in a bailey)

   It affects your strength (+4).
   It protects you from fire.
   It affects your resistance to hostile enchantments.
 x - a +1 pair of gloves (worn)
 W - a +0 cloak
Jewellery
 k - an uncursed ring of protection from magic
 r - a ring of poison resistance (right hand)
 w - an uncursed ring of ice {unknown}
 I - an uncursed ring of protection from magic
 K - an amulet of faith (around neck)
 N - a +4 ring of dexterity (left hand)
 Q - a +2 ring of intelligence {unknown}
 U - an uncursed ring of sustain attributes {unknown}
Wands
 f - a wand of frost (28/48)
 A - a wand of teleportation (4/9)
 E - a wand of lightning (1/15)
 F - a wand of magic darts (10/48)
 H - a wand of magic darts (7/48)
 S - a wand of paralysis (9/24)
Scrolls
 a - 3 scrolls of recharging
 h - 11 scrolls of remove curse
 i - 3 scrolls of magic mapping
 o - 3 scrolls of enchant armour
 p - 2 scrolls of random uselessness
 q - 4 scrolls of enchant weapon
 u - 2 scrolls of fog
 v - 6 scrolls of teleportation
 y - 19 scrolls of identify
 M - a scroll of fear
 R - 2 scrolls of noise
Potions
 d - 4 potions of haste
 e - 2 potions of heal wounds
 g - 7 potions of curing
 j - a potion of invisibility
 l - 2 potions of brilliance
 m - 4 potions of agility
 n - 3 potions of magic
 B - 5 potions of mutation
 G - 2 potions of resistance
Books
 C - a manual of Maces & Flails
 V - a book of Burglary

   Spells                             Type                      Level
   a - Swiftness                      Charms/Air                   2
   b - Passwall                       Transmutation/Earth          3
   c - Passage of Golubria            Translocation                4
   d - Lee's Rapid Deconstruction     Earth                        5
   e - Darkness                       Hexes                        6
   f - Invisibility                   Hexes                        6
   Trog disapproves of the use of such an item.
Miscellaneous
 z - a lantern of shadows
 P - a lamp of fire
Comestibles
 b - 32 fruits
 c - 6 bread rations


   Skills:
 - Level 9.4 Fighting
 + Level 25.9(26.1) Axes
 - Level 5.8(18.6) Maces & Flails
 - Level 16.1 Armour
 - Level 2.3 Dodging


You had 15 spell levels left.
You didn't know any spells.

Dungeon Overview and Level Annotations

Branches:
Dungeon (14/15)            Temple (0/1) D:7            Lair (8/8) D:9
  Swamp (0/4) Lair:4        Snake (2/4) Lair:4        Slime (0/6) Lair:7
    Orc (2/2) D:9             Elf (0/3) Orc:2        Vaults (0/5) D:14

Altars:
Ashenzari
Cheibriados
Elyvilon
Fedhas
Kikubaaqudgha
Nemelex Xobeh
Okawaru
Pakellas
Sif Muna
Trog
Vehumet
Xom
Beogh

Shops:
Orc:2 *[(?   Snake:1 %

Annotations:
Lair:7 exclusion: oklob plant


Innate Abilities, Weirdness & Mutations

You reflexively headbutt those who attack you in melee.
You have a pair of horns on your head.


Message History

The bolt hits you.
* * * LOW HITPOINT WARNING * * *
You see here 2 bolts.
You feel much better.
The naga sharpshooter spits poison at you.
The splash of poison hits you! You resist.
The naga sharpshooter casts a spell.
The naga sharpshooter magically shoots a bolt.
The bolt hits you!!
* * * LOW HITPOINT WARNING * * *
You see here 2 bolts.
You are too injured to fight recklessly!
You feel sick.
The naga sharpshooter casts a spell.
The naga sharpshooter magically shoots a bolt.
The bolt hits you!!
* * * LOW HITPOINT WARNING * * *
You see here 2 bolts.
You feel better.
The naga sharpshooter shoots a bolt.
The bolt hits you!!
You die...

##(#.$....####......
................#
#.>..........### #
#...().....#
..#.#....(...N####
............##....#####
#..#.#..#...#####.....##
#..........N####.N.....#
........#......#@......#
........#.[.##((...###.#
......###...###....###.#
...##.......# ##.....#.#
........N.... #####.#.#
..(#.##.....##.. #.#.#
...#...N#..#. .[.
#...#######
..(#.......#. ...#
##........###
..(#......... ...#
#.<.........


You could see a naga sharpshooter.

Vanquished Creatures
  Kirke (Snake:1)
  Maud (Lair:8)
  An orc warlord (Orc:1)
  A stone giant (Orc:2)
  Snorg (D:13)
  8 vault guards (D:14)
  Josephine (Orc:1)
  9 hydras
  The ghost of MetaCosm the Imperceptible, a journeyman SpEn of Fedhas (Lair:8)
  6 naga warriors
  3 catoblepae (Lair:8)
  A death knight (D:8)
  3 anacondas
  3 centaur warriors (D:14)
  2 ogre magi (Orc:2)
  2 shock serpents
  16 death yaks
  3 naga sharpshooters (Snake:1)
  Nergalle (D:10)
  4 skeletal warriors (D:12)
  The ghost of flyleaff the Magician, a novice NaNe of Vehumet (D:7)
  2 deep trolls (Orc:2)
  An unseen horror (D:12)
  An orc knight (Orc:2)
  Pikel (D:6)
  A naga ritualist (Snake:2)
  7 hill giants
  2 mana vipers (Snake:1)
  An orc sorcerer (Orc:1)
  4 griffons
  A manticore (D:11)
  2 cyclopes (Orc:2)
  13 elephants
  3 salamanders (Snake:1)
  2 guardian serpents (Snake:1)
  19 black mambas
  5 naga magi
  A gargoyle (D:14)
  2 torpor snails
  Psyche (D:8)
  8 spiny frogs
  12 komodo dragons
  13 trolls
  An efreet (D:14)
  2 fire drakes
  7 two-headed ogres
  6 polar bears
  Grinder (D:5)
  5 slime creatures (D:13)
  2 boulder beetles (Lair:7)
  A shadow (D:13)
  2 wyverns
  Sigmund (D:6)
  78 yaks
  3 hungry ghosts
  6 wraiths
  2 hogs (Snake:1)
  9 hippogriffs
  2 basilisks
  6 wolves (Lair:4)
  8 vampire mosquitoes
  9 porcupines
  2 mottled dragons
  11 nagas
  Duvessa (D:7)
  17 water moccasins
  31 orc warriors
  3 slaves (D:6)
  A wasp (D:9)
  A black bear (D:9)
  2 phantoms
  4 sky beasts
  An eye of draining (D:11)
  12 centaurs
  6 ice beasts
  2 necrophages
  27 ogres
  23 crocodiles
  Blork the orc (D:6)
  15 giant frogs
  A big kobold (D:10)
  Dowan (D:7)
  3 scorpions
  A wyvern skeleton (D:8)
  9 wights
  An electric eel (D:8)
  15 killer bees
  4 quasits
  7 crimson imps
  2 giant frog skeletons
  A gnoll shaman (D:5)
  8 centaur skeletons
  A giant frog zombie (D:8)
  16 orc priests
  4 hounds
  3 jellies
  8 iguanas
  Jessica (D:3)
  23 orc wizards
  10 worker ants
  A killer bee zombie (D:5)
  10 sheep
  A centaur simulacrum (D:8)
  A hound skeleton (D:6)
  3 worker ant zombies
  7 adders
  4 gnolls (D:5)
  58 river rats
  2 white imps (D:8)
  An ufetubus (D:8)
  An ooze (D:3)
  3 adder zombies
  4 adder skeletons
  3 worms
  3 giant geckos
  118 orcs
  2 giant cockroaches
  10 goblins
  9 hobgoblins
  8 quokkas
  9 bats
  A giant gecko skeleton (D:5)
  8 giant newts
  15 jackals
  A jackal skeleton (D:6)
  9 kobolds
  5 rats
  15 fungi
  12 plants
925 creatures vanquished.

Vanquished Creatures (others)
  2 humans (Snake:1)
  A giant frog (D:6)
  A bush (Lair:3)
  8 fungi
  3 plants (Lair:8)
15 creatures vanquished.

Grand Total: 940 creatures vanquished

Notes
Turn   | Place    | Note
--------------------------------------------------------------
     0 | D:1      | Grimpse the Minotaur Berserker began the quest for the Orb.
     0 | D:1      | Reached XP level 1. HP: 19/19 MP: 0/0
   537 | D:1      | Reached XP level 2. HP: 27/27 MP: 1/1
   545 | D:1      | Reached skill level 4 in Fighting
  1061 | D:1      | Reached ** piety under Trog
  1199 | D:2      | Reached XP level 3. HP: 33/33 MP: 2/2
  1537 | D:3      | Noticed Jessica
  1547 | D:3      | Killed Jessica
  1547 | D:3      | Reached XP level 4. HP: 41/41 MP: 3/3
  1697 | D:3      | Found a shattered altar of Ashenzari.
  1729 | D:3      | Reached skill level 5 in Maces & Flails
  1734 | D:3      | Reached skill level 5 in Fighting
  1778 | D:3      | Reached *** piety under Trog
  1793 | D:3      | Reached XP level 5. HP: 27/48 MP: 4/4
  2811 | D:4      | Noticed an ogre
  2820 | D:4      | Killed an ogre
  2820 | D:4      | Reached XP level 6. HP: 57/57 MP: 5/5
  3067 | D:4      | Reached skill level 5 in Axes
  3067 | D:4      | Reached XP level 7. HP: 59/62 MP: 6/6
  3197 | D:4      | Gained mutation: Armour fits poorly on your strangely shaped body. [potion of mutation]
  3197 | D:4      | Gained mutation: You are frail (-10% HP). [potion of mutation]
  3197 | D:4      | Gained mutation: You are partially covered in iridescent scales (AC +4). [potion of mutation]
  3225 | D:5      | Entered Level 5 of the Dungeon
  3330 | D:5      | Reached skill level 6 in Axes
  3517 | D:5      | Reached **** piety under Trog
  3557 | D:5      | You fall through a shaft!
  3561 | D:6      | Found an oddly glowing altar of Pakellas.
  3572 | D:6      | Noticed Grinder
  3573 | D:6      | Noticed Sigmund
  3584 | D:5      | Killed Grinder
  3584 | D:5      | Reached skill level 8 in Axes
  3871 | D:5      | Reached skill level 9 in Axes
  3871 | D:5      | Reached XP level 8. HP: 21/63 MP: 7/7
  4032 | D:6      | Killed Sigmund
  4085 | D:6      | Reached skill level 10 in Axes
  4378 | D:6      | Noticed Pikel
  4393 | D:6      | Killed Pikel
  4393 | D:6      | Reached skill level 12 in Axes
  4393 | D:6      | Reached XP level 9. HP: 67/67 MP: 8/8
  4530 | D:6      | Noticed Blork the orc
  4539 | D:6      | Killed Blork the orc
  5193 | D:7      | Reached skill level 13 in Axes
  5237 | D:7      | Noticed Duvessa
  5237 | D:7      | Noticed Dowan
  5245 | D:7      | Killed Duvessa
  5246 | D:7      | Killed Dowan
  5255 | D:7      | Noticed flyleaff's ghost (novice NaNe)
  5265 | D:7      | Killed flyleaff's ghost
  5265 | D:7      | Reached skill level 14 in Axes
  5399 | D:7      | Found a staircase to the Ecumenical Temple.
  5899 | D:8      | Reached XP level 10. HP: 74/74 MP: 9/9
  5905 | D:8      | Reached skill level 5 in Armour
  5990 | D:8      | Reached skill level 15 in Axes
  6097 | D:8      | Found a deep blue altar of Sif Muna.
  6107 | D:8      | Found a sparkling altar of Nemelex Xobeh.
  6137 | D:8      | Found a flagged portal.
  6197 | Bailey   | Entered a bailey
  6427 | Bailey   | Reached ***** piety under Trog
  6693 | Bailey   | Got a dazzling plate armour
  6757 | Bailey   | Identified the cursed +1 plate armour of Tarig {rF+ MR+ Str+4} (You found it in a bailey)
  6928 | D:8      | Found an iron altar of Okawaru.
  6953 | D:8      | Noticed a death knight
  6978 | D:8      | Killed a death knight
  7285 | D:8      | Noticed Psyche
  7290 | D:8      | Killed Psyche
  7298 | D:8      | Found a radiant altar of Vehumet.
  7300 | D:8      | Found a snail-covered altar of Cheibriados.
  7322 | D:8      | Found an ancient bone altar of Kikubaaqudgha.
  7433 | D:8      | Reached skill level 16 in Axes
  7679 | D:9      | Found a staircase to the Lair.
  7895 | D:9      | Found a roughly hewn altar of Beogh.
  7895 | D:9      | Found a staircase to the Orcish Mines.
  7897 | D:9      | Received a gift from Trog
  7981 | D:9      | Reached XP level 11. HP: 76/80 MP: 10/10
  8574 | D:9      | Found a blossoming altar of Fedhas.
  8827 | Lair:1   | Entered Level 1 of the Lair of Beasts
  8850 | Lair:1   | Reached skill level 17 in Axes
  8876 | Lair:1   | Received a gift from Trog
 10356 | Lair:2   | Reached skill level 18 in Axes
 10724 | Lair:3   | Noticed an eight-headed hydra
 10724 | Lair:3   | Noticed a five-headed hydra
 10735 | Lair:3   | Killed a ten-headed hydra
 10735 | Lair:3   | Reached skill level 10 in Armour
 10738 | Lair:3   | Killed an eight-headed hydra
 11197 | Lair:3   | Reached XP level 12. HP: 85/85 MP: 11/11
 11667 | Lair:3   | Received a gift from Trog
 11776 | Lair:4   | Found a shimmering altar of Xom.
 11795 | Lair:4   | Reached skill level 19 in Axes
 12073 | Lair:4   | Found a staircase to the Swamp.
 12194 | Lair:4   | Found a staircase to the Snake Pit.
 12728 | Lair:4   | Noticed a five-headed hydra
 12735 | Lair:4   | Killed a seven-headed hydra
 13487 | Lair:5   | Reached XP level 13. HP: 97/97 MP: 12/12
 14562 | Lair:6   | Reached ****** piety under Trog
 14774 | Lair:6   | Reached skill level 20 in Axes
 15301 | Lair:6   | Received a gift from Trog
 16669 | Lair:7   | Found a staircase to the Slime Pits.
 16901 | Lair:8   | Entered Level 8 of the Lair of Beasts
 16904 | Lair:8   | Noticed MetaCosm's ghost (journeyman SpEn)
 17152 | Lair:8   | Received a gift from Trog
 17244 | Lair:7   | Lost mutation: You are frail (-10% HP). [potion of cure mutation]
 17244 | Lair:7   | Lost mutation: You are partially covered in iridescent scales (AC +4). [potion of cure mutation]
 17244 | Lair:7   | Lost mutation: Armour fits poorly on your strangely shaped body. [potion of cure mutation]
 17325 | Lair:8   | Killed MetaCosm's ghost
 17638 | Lair:8   | Reached skill level 21 in Axes
 17670 | Lair:8   | Noticed Maud
 17685 | Lair:8   | Killed Maud
 17800 | Lair:8   | Reached XP level 14. HP: 106/118 MP: 13/13
 18176 | Lair:8   | Reached skill level 15 in Armour
 18625 | Lair:8   | Received a gift from Trog
 18816 | Lair:8   | Reached skill level 22 in Axes
 19352 | Orc:1    | Entered Level 1 of the Orcish Mines
 19360 | Orc:1    | Noticed Josephine
 19367 | Orc:1    | Killed Josephine
 20004 | Orc:1    | Received a gift from Trog
 20047 | Orc:1    | Noticed an orc warlord
 20115 | Orc:1    | Killed an orc warlord
 20372 | Orc:2    | Entered Level 2 of the Orcish Mines
 20372 | Orc:2    | Found a staircase to the Elven Halls.
 20899 | Orc:2    | Found Ylata's Magic Scroll Shoppe.
 20947 | Orc:2    | Reached XP level 15. HP: 125/125 MP: 14/14
 20954 | Orc:2    | Received a gift from Trog
 21163 | Orc:2    | Found Esuvosi's Antique Weapon Boutique.
 21170 | Orc:2    | Found Xaoteoh's Assorted Antiques.
 21178 | Orc:2    | Found Vusoopne's Antique Armour Boutique.
 21489 | Orc:2    | Reached skill level 23 in Axes
 21887 | D:10     | Entered Level 10 of the Dungeon
 22129 | D:10     | Found a bloodstained altar of Trog.
 22621 | D:10     | Noticed Nergalle
 22626 | D:10     | Killed Nergalle
 23362 | D:11     | Received a gift from Trog
 25117 | D:12     | Received a gift from Trog
 25167 | D:13     | Noticed Snorg
 25175 | D:13     | Killed Snorg
 25458 | D:13     | Reached skill level 24 in Axes
 26264 | D:14     | Received a gift from Trog
 26401 | D:14     | Found a gate to the Vaults.
 27132 | Snake:1  | Entered Level 1 of the Snake Pit
 27259 | Snake:1  | Found a white marble altar of Elyvilon.
 27304 | Snake:1  | Reached skill level 25 in Axes
 27727 | Snake:1  | Noticed Kirke
 27736 | Snake:1  | Reached XP level 16. HP: 132/132 MP: 15/15
 27741 | Snake:1  | Killed Kirke
 28286 | Snake:1  | Found Febur's Food Boutique.
 28418 | Snake:1  | Received a gift from Trog
 30145 | Snake:2  | Shot with a bolt by a naga sharpshooter

Vault maps used:
D:1:      arrival_zaba_pyramid, minmay_misc_feat_four_crosses
D:2:      minmay_misc_feat_diagonals
D:3:      lemuel_crystal_altar, first_bread, eino_tiny_chamber,
          serial_bayou_ford_a, uniq_jessica
D:6:      serial_park_tiny_pond, kennysheep_flooded_box, uniq_sigmund,
          uniq_blork_the_orc, uniq_pikel, uniq_grinder
D:7:      temple_statues, uniq_duvessa
D:8:      okawaru_metal_pillars_3, gammafunk_temple_overflow_forgotten,
          amethyst_overflow_temple_binary, enter_bailey_2, serial_ice,
          serial_ice_n, serial_ice_l, serial_ice_c, serial_ice_d, serial_ice_f,
          uniq_psyche
D:9:      kennysheep_mini_moat, lair_0_dummy, david_orc_5
D:10:     blue_anna_alchemist, bloody_trog, uniq_nergalle
D:13:     uniq_snorg
D:14:     erik_vaults_2, minivault_26
Lair:1:   st_stairs_10, infiniplex_staircase_pool_2, lemuel_fruit_fields
Lair:2:   st_stairs_7, grunt_megastairs_4
Lair:4:   minmay_swamp_entry_swarm, dummy_snake_entry, basic_altar,
          nicolae_quartered_pool_medium
Lair:5:   cheibrodos_lair_reptile_den
Lair:6:   beast_lair_carwin_5
Lair:7:   minmay_slime_entry_oklob_open, bh_autumn_forest_stairs
Lair:8:   evilmike_catoblepas_cave, lemuel_fruit_fields, uniq_maud
Snake:1:  basic_altar, serial_shops, nicolae_shop_stone, spider_trap, uniq_kirke
Snake:2:  basic_altar
Orc:1:    uniq_josephine
Orc:2:    st_orc_open, portal_ice_cave_entry_pillars_03
Bailey:   bailey_polearm_1, bailey

Action                   |  1- 3 |  4- 6 |  7- 9 | 10-12 | 13-15 | 16-18 || total
-------------------------+-------+-------+-------+-------+-------+-------++-------
Melee: Mace              |    77 |    66 |       |       |       |       ||   143
       Flail             |       |    25 |       |       |       |       ||    25
       War axe           |       |    49 |   194 |   111 |       |       ||   354
       Battleaxe         |       |       |       |   114 |   589 |   111 ||   814
       Executioner's axe |       |       |       |   213 |   308 |       ||   521
       Broad axe         |       |       |       |   140 |    88 |       ||   228
Invok: Berserk           |     1 |       |     4 |     4 |    10 |       ||    19
       Burn Spellbooks   |       |       |       |       |     1 |       ||     1
  Use: Scroll            |       |     4 |     6 |     5 |     7 |     2 ||    24
       Potion            |       |       |    12 |     4 |     4 |     3 ||    23
  Eat: Chunk             |     1 |     5 |     9 |     9 |    38 |       ||    62
       Pizza             |       |     1 |       |     1 |     2 |       ||     4
       Beef jerky        |       |       |     1 |       |     1 |       ||     2
       Fruit             |       |       |     3 |     6 |     1 |       ||    10
       Royal jelly       |       |       |     1 |       |     1 |       ||     2
       Meat ration       |       |       |       |     2 |     2 |       ||     4
       Bread ration      |       |       |       |     2 |     1 |     2 ||     5
